 Dungeon Crawl Stone Soup version 0.29-a0-222-g5b244fca1f (webtiles) character file.

Game seed: 651256001924779251

127 Colgate the Ruffian (level 4, 0/40 HPs)
             Began as a Troll Transmuter on Feb 27, 2022.
             Was a Believer of Trog.
             Frozen to death by an endoplasm (2 damage)
             ... on level 3 of the Dungeon.
             The game lasted 00:05:37 (1760 turns).

Colgate the Ruffian (Troll Transmuter)              Turns: 1760, Time: 00:05:37

Health: 0/40       AC:  4    Str: 18    XL:     4   Next: 85%
Magic:  4/4        EV: 10    Int:  9    God:    Trog [**....]
Gold:   66         SH:  0    Dex: 12    Spells: 5/5 levels left

rFire   . . .      SeeInvis .     - Unarmed
rCold   . . .      Faith    .   (no shield)
rNeg    . . .      Spirit   .   a - +0 robe
rPois   .          Reflect  .   (helmet restricted)
rElec   .          Harm     .   (no cloak)
rCorr   .          Rampage  .   (gloves unavailable)
Will    .....                   (boots unavailable)
Stlth   +.........              (no amulet)
HPRegen 0.93/turn               (no ring)
MPRegen 0.09/turn               (no ring)

@: lethally poisoned (0 -> 0)
A: large, unfitting armour, claws 3, regeneration 1, shaggy fur 1, tough skin 1
a: Renounce Religion, Berserk, Trog's Hand


You were on level 3 of the Dungeon.
You worshipped Trog.
Trog was pleased with you.
You visited 1 branch of the dungeon, and saw 3 of its levels.

You collected 121 gold pieces.
You spent 55 gold pieces at shops.

Inventory:

Missiles
 e - 49 stones
 f - 4 atropa-tipped darts
 n - 2 javelins
Armour
 a - a +0 robe (worn)
Scrolls
 b - a scroll of vulnerability
 o - a scroll of teleportation {@r3}
Potions
 c - a potion of might {@q3}
 k - a potion of lignification
 l - a potion of mutation
 m - a potion of degeneration


   Skills:
 - Level 0.7 Fighting
 - Level 1.5 Dodging
 + Level 5.6 Unarmed Combat
 - Level 1.2 Spellcasting
 - Level 1.3 Transmutations


You had 5 spell levels left.
You didn't know any spells.
Your spell library contained the following spells:

 Spells                   Type           Power      Damage    Failure   Level
 Beastly Appendage        Tmut           6%         N/A       21%         1
 Wereblood                Tmut           3%         N/A       30%         2
 Spider Form              Tmut/Pois      1%         N/A       63%         3
 Ice Form                 Ice/Tmut       1%         N/A       95%         4


Dungeon Overview and Level Annotations

Branches:
Dungeon (3/15)

Altars:
Trog

Shops:
D:2 ?:


Innate Abilities, Weirdness & Mutations

You are too large for most types of armour.
You have claws for hands.
Your natural rate of healing is unusually fast.
You are covered in fur. (AC +1)
You have tough skin. (AC +1)


Message History

You are too injured to fight recklessly!
You are too injured to fight recklessly!
You are too injured to fight recklessly!
You are too injured to fight recklessly!
You are too injured to fight recklessly!
You are too injured to fight recklessly!
You are too injured to fight recklessly!
You are too injured to fight recklessly!
You are too injured to fight recklessly!
You are too injured to fight recklessly!
You are too injured to fight recklessly!
You are too injured to fight recklessly!
You are too injured to fight recklessly!
You are too injured to fight recklessly!
You are too injured to fight recklessly!
You are too injured to fight recklessly!
You are too injured to fight recklessly!
You are too injured to fight recklessly!
You are too injured to fight recklessly!
You are too injured to fight recklessly!
You are too injured to fight recklessly!
You are too injured to fight recklessly!
You are too injured to fight recklessly!
You are too injured to fight recklessly!
You are too injured to fight recklessly!
You claw the gnoll!
You feel very sick. The gnoll hits you with a +0 flail!
* * * LOW HITPOINT WARNING * * *
You scratch the gnoll.
You kill the gnoll!
Trog accepts your kill.
You feel very sick.
You feel sick. The kobold hits you with a +0 club.
* * * LOW HITPOINT WARNING * * *
You scratch the kobold.
You feel sick. The kobold barely misses you.
You closely miss the kobold.
You feel sick. The endoplasm freezes you.
You are frozen.
You die...

# #.. .# ####K..# ...
..##...# ..
####.##...####
####.####
#............#
#)).....#
#.#..........####J#
#.#.><..# #..##K@.#
..†...#.# #.......#
#.#.....###..##...#
.............###......
..##.........# #.#####
#.##..#####.## #.#
#....... #.# #.#
......## #.# #.#
####... ..# ..


You could see an endoplasm and a kobold.

Vanquished Creatures
  3 gnolls (D:3)
  5 adders
  A worm (D:2)
  6 endoplasms
  A giant cockroach (D:1)
  3 goblins
  3 hobgoblins
  7 jackals (D:2)
  A quokka (D:3)
  3 ball pythons
  4 bats
  5 frilled lizards
  4 kobolds
  9 rats
55 creatures vanquished.

Notes
Turn   | Place    | Note
-------+----------+-------------------------------------------
     0 | D:1      | Colgate the Troll Transmuter began the quest for the Orb.
     0 | D:1      | Reached XP level 1. HP: 18/18 MP: 1/1
   129 | D:1      | Found a faded altar of an unknown god.
   133 | D:1      | Prayed at the altar of an unknown god.
   133 | D:1      | Became a worshipper of Trog the Wrathful
   133 | D:1      | Reached * piety under Trog
   220 | D:1      | Reached XP level 2. HP: 26/26 MP: 2/2
   666 | D:2      | Reached skill level 4 in Unarmed Combat
   768 | D:2      | Reached XP level 3. HP: 32/32 MP: 3/3
   926 | D:2      | Reached ** piety under Trog
  1105 | D:2      | Reached skill level 5 in Unarmed Combat
  1105 | D:2      | Reached XP level 4. HP: 34/40 MP: 4/4
  1325 | D:2      | Found Ychaoden's Book Shop.
  1603 | D:2      | Found Koomagiu's Magic Scroll Boutique.
  1608 | D:2      | Bought a scroll of teleportation for 33 gold pieces
  1608 | D:2      | Bought a scroll of identify for 22 gold pieces
  1760 | D:3      | HP: 2/40 [poisoned by a kobold]
  1760 | D:3      | Frozen to death by an endoplasm

Illustrated notes

Levels and vault maps discovered:
D:1:      giann_horns, layout_basic, basic_ecumenical_altar,
          minmay_misc_feat_tower
D:2:      layout_loops_corners, serial_shops, nicolae_shop_hallway_stairs,
          nicolae_shop_waterfront
D:3:      layout_loops_cross, nicolae_overflow_squiral, portal_sewer_entry_b,
          minivault_26, minmay_door_square, corexii_hall_statues_t,
          chequers_serial_rivers_micro_b, uniq_jessica

Skill      XL: |  1  2  3 |
---------------+----------+-----
Unarmed Combat | 4 5 |  5.6
Fighting       | |  0.7
Dodging        | |  1.5
Spellcasting   | |  1.2
Transmutations | |  1.3

Action                   |  1- 3 |  4- 6 || total
-------------------------+-------+-------++-------
Melee: Unarmed           |    92 |    39 ||   131
       Punch             |     2 |       ||     2
 Fire: Hunting sling     |     5 |       ||     5
  Use: Scroll            |       |     9 ||     9
 Stab: Sleeping          |     1 |       ||     1
Armor: Robe              |    27 |    14 ||    41
Dodge: Dodged            |    48 |    20 ||    68

Table legend: (Time is in decaauts)
 A = Elapsed time spent in this place.
 B = Non-inter-level travel time spent in this place.
 C = Inter-level travel time spent in this place.
 D = Time resting spent in this place.
 E = Time spent auto-exploring this place.
 F = Levels seen in this place.
 G = Mean time per level.
                   A        B        C        D        E       F      G
               +--------+--------+--------+--------+--------+-----+--------+
         Total |   1746 |   1691 |     55 |      0 |   1377 |   3 |  582.0 |
       Dungeon |   1746 |   1691 |     55 |      0 |   1377 |   3 |  582.0 |
               +--------+--------+--------+--------+--------+-----+--------+

Top non-repeatable levels by time:
     D:2: 1004 daAuts
     D:1: 627 daAuts
     D:3: 115 daAuts
